 Dungeon Crawl Stone Soup version 0.27-a0-1312-g5cdb2b3542 (webtiles) character file.

Game seed: 11829367314527195604

119 Alarak the Chopper (level 5, 0/45 HPs)
             Began as a Hill Orc Monk on June 20, 2021.
             Slain by a gnoll (4 damage)
             ... on level 2 of the Dungeon.
             The game lasted 00:08:47 (2473 turns).

Alarak the Chopper (Hill Orc Monk)                  Turns: 2473, Time: 00:08:48

Health: 0/45       AC:  7    Str: 15    XL:     5   Next: 3%
Magic:  5/5        EV: 10    Int: 10    God:
Gold:   35         SH:  0    Dex: 13    Spells: 4/4 levels left

rFire    . . .     SeeInvis .   f - +1 spear (freeze)
rCold    . . .     Faith    .   (no shield)
rNeg     . . .     Spirit   .   e - +0 scale mail
rPois    .         Reflect  .   k - +0 helmet
rElec    .         Harm     .   (no cloak)
rCorr    .         Rampage  .   (no gloves)
Will     .....                  (no boots)
Stlth    ..........             (no amulet)
HPRegen  0.15/turn              (no ring)
MPRegen  0.09/turn              (no ring)

@: attractive, hasted, very quick
A: no striking features
a: no special abilities


You were on level 2 of the Dungeon.
You visited 1 branch of the dungeon, and saw 2 of its levels.

You collected 35 gold pieces.

Inventory:

Hand Weapons
 a - a +0 hand axe
 f - a +1 spear of freezing (weapon)
Armour
 b - a +0 robe
 e - a +0 scale mail (worn)
 k - a +0 helmet (worn)
Scrolls
 d - a scroll of identify
Potions
 c - a potion of brilliance
 g - a potion of attraction


   Skills:
 - Level 3.6 Fighting
 - Level 7.0 Axes
 + Level 1.3 Armour
 - Level 2.4 Dodging
 - Level 1.5 Stealth


You had 4 spell levels left.
You didn't know any spells.
Your spell library contained the following spells:

 Spells                   Type           Power      Damage    Failure   Level
 Corona                   Hex            0%         N/A       83%         1
 Ensorcelled Hibernation  Hex/Ice        0%         N/A       92%         2
 Confusing Touch          Hex            0%         N/A       99%         3
 Dazzling Flash           Conj/Hex       0%         N/A       99%         3
 Tukima's Dance           Hex            0%         N/A       99%         3


Dungeon Overview and Level Annotations

Branches:
Dungeon (2/15)

Altars:

Shops:
D:1 *


Message History

You kill the kobold!
Things that are here:
a +1 short sword of holy wrath; 2 stones A gnoll is nearby!
You open the door. 2 endoplasms come into view.
The endoplasm quivers. x2
Found a hobgoblin skeleton and a rat skeleton.
Okay, then.
It was a potion of attraction.
You feel attractive to monsters.
The endoplasm jiggles.
The gnoll hits you but does no damage. The gnoll is pulled toward you!
The endoplasm is pulled toward you! x2; The dart slug is pulled toward you!
It was a potion of haste.
You feel yourself speed up. The endoplasm barely misses you.
The gnoll hits you but does no damage.
You completely miss the endoplasm. You hit the endoplasm.
You freeze the endoplasm.
The endoplasm is severely wounded.
The endoplasm barely misses you. The gnoll hits you with a +0 spear.
* * * LOW HITPOINT WARNING * * *
You hit the endoplasm. You freeze the endoplasm.
You kill the endoplasm!
You hit the endoplasm. You freeze the endoplasm.
The endoplasm is almost dead.
The gnoll hits you but does no damage.
You hit the endoplasm. You freeze the endoplasm.
You kill the endoplasm!
The gnoll hits you with a +0 spear.
* * * LOW HITPOINT WARNING * * *
You hit the gnoll. You freeze the gnoll.
The gnoll is lightly wounded.
You hit the gnoll. You freeze the gnoll.
The gnoll is heavily wounded.
The gnoll hits you with a +0 spear!
* * * LOW HITPOINT WARNING * * *
You hit the gnoll but do no damage.
The gnoll is heavily wounded.
The gnoll hits you with a +0 spear.
You die...

# #.# .
#######.#
P÷#
........#
P.#
....)...#
÷.#
#.#.....#
..#
#.#######
..# #.#
..# #.#
#######'#
..#
##..)wg@#
..#
#.########
.###
##.))g.K.#
...#
####g...#
##.#
#....g..#
...#
#.....).#
.###
#.....[.#
.#
#...w...#
##
##...g.##


You could see a gnoll and a dart slug.

Vanquished Creatures
  A jelly (D:2)
  Robin (D:2)
  A gnoll (D:2)
  A dart slug (D:1)
  7 endoplasms
  A giant cockroach (D:1)
  15 goblins
  7 hobgoblins
  2 jackals (D:1)
  13 kobolds
  3 quokkas (D:1)
  2 ball pythons (D:1)
  3 bats
  2 frilled lizards (D:1)
  6 rats
65 creatures vanquished.

Vanquished Creatures (others)
  10 toadstools (D:2)
10 creatures vanquished.

Grand Total: 75 creatures vanquished

Notes
Turn   | Place    | Note
-------+----------+-------------------------------------------
     0 | D:1      | Alarak the Hill Orc Monk began the quest for the Orb.
     0 | D:1      | Reached XP level 1. HP: 19/19 MP: 1/1
   149 | D:1      | Reached XP level 2. HP: 17/26 MP: 2/2
   445 | D:1      | Found Gitech's Assorted Antiques.
   470 | D:1      | Reached skill level 5 in Axes
   815 | D:1      | Reached XP level 3. HP: 13/31 MP: 3/3
  1931 | D:2      | Reached skill level 6 in Axes
  1931 | D:2      | Reached XP level 4. HP: 38/39 MP: 4/4
  2087 | D:2      | Noticed Robin
  2135 | D:2      | Killed Robin
  2136 | D:2      | Reached skill level 7 in Axes
  2399 | D:2      | Found a faded altar of an unknown god.
  2401 | D:2      | Noticed a shining eye
  2405 | D:2      | Noticed an eye of devastation
  2448 | D:2      | Reached skill level 1 in Armour
  2449 | D:2      | Reached XP level 5. HP: 20/45 MP: 5/5
  2473 | D:2      | Slain by a gnoll

Illustrated notes

Levels and vault maps discovered:
D:1:      minmay_arrival_diagonal_passages, layout_loops_corners, serial_shops,
          shop, minmay_pentomino_p2
D:2:      cheibrodos_fertilizer, layout_loops_ring,
          hellmonk_ecumenical_altar_watching_god, uniq_robin

Skill      XL: |  1  2  3  4 |
---------------+-------------+-----
Axes           | 5 6 7 |  7.0
Armour         | 1 |  1.3
Fighting       | |  3.6
Dodging        | |  2.4
Stealth        | |  1.5

Action                   |  1- 3 |  4- 6 || total
-------------------------+-------+-------++-------
Melee: Hand axe          |    78 |       ||    78
       Spear             |    58 |    86 ||   144
  Use: Scroll            |     1 |     2 ||     3
       Potion            |       |     2 ||     2
 Stab: Sleeping          |     1 |       ||     1
Armor: Robe              |     4 |       ||     4
       Scale mail        |    32 |    33 ||    65
Dodge: Dodged            |    62 |    33 ||    95

Table legend: (Time is in decaauts)
 A = Elapsed time spent in this place.
 B = Non-inter-level travel time spent in this place.
 C = Inter-level travel time spent in this place.
 D = Time resting spent in this place.
 E = Time spent auto-exploring this place.
 F = Levels seen in this place.
 G = Mean time per level.
                   A        B        C        D        E       F      G
               +--------+--------+--------+--------+--------+-----+--------+
         Total |   2465 |   2398 |     67 |   1053 |    972 |   2 | 1232.5 |
       Dungeon |   2465 |   2398 |     67 |   1053 |    972 |   2 | 1232.5 |
               +--------+--------+--------+--------+--------+-----+--------+

Top non-repeatable levels by time:
     D:1: 1923 daAuts
     D:2: 541 daAuts
